 Dungeon Crawl Stone Soup version 0.31-a0-1010-g5322dac6a2 (webtiles) character file.

Game seed: 4446816409400322161

4 Azuregosa the Firebug (level 1, 13/13 HPs)
             Began as an Octopode Wanderer on Nov 16, 2023.
             Quit the game on level 1 of the Dungeon.
             The game lasted 00:02:28 (219 turns).

Azuregosa the Firebug (Octopode Wanderer)            Turns: 219, Time: 00:02:28

Health: 13/13      AC:  1    Str: 12    XL:     1   Next: 70%
Magic:  2/2        EV: 12    Int: 14    God:
Gold:   0          SH:  0    Dex: 10    Spells: 1/2 levels left

rFire   . . .        a - +2 dagger
rCold   . . .        (no shield)
rNeg    . . .        (helmet restricted)
rPois   .            (no amulet)
rElec   .            (no ring)
rCorr   .            (no ring)
SInv    .            (no ring)
Will    .....        (no ring)
Stlth   ++           (no ring)
HPRegen 0.22/turn    (no ring)
MPRegen 0.08/turn    (no ring)
                     (no ring)

%: no passive effects
@: no status effects
A: almost no armour, amphibious, 8 rings, camouflage 1, gelatinous body 1,
(nimble swimmer 1), tentacles
a: no special abilities


You were on level 1 of the Dungeon.
You visited 1 branch of the dungeon, and saw 1 of its levels.

Inventory:

Hand Weapons
 a - a +2 dagger (weapon)
Missiles
 b - 3 curare-tipped darts (quivered)
 e - 3 stones
Scrolls
 d - a scroll of fog
 f - a scroll of enchant weapon {unknown}
Potions
 c - a potion of curing


   Skills:
 - Level 1.0 Fighting
 - Level 2.0 Throwing
 - Level 1.3 Stealth
 + Level 1.3 Spellcasting
 + Level 4.1 Fire Magic
 - Level 1.1 Evocations


You had one spell level left.
You knew the following spells:

 Your Spells              Type           Power      Damage    Failure   Level
a - Foxfire               Conj/Fire      24%        2x1d5     11%         1

Your spell library contained the following spells:

 Spells                   Type           Power      Damage    Failure   Level
 Ignite Poison            Fire/Tmut/Pois 4%         N/A       41%         3


Dungeon Overview and Level Annotations

Branches:
Dungeon (1/15)

Altars:


Innate Abilities, Weirdness & Mutations

You cannot wear most types of armour.
You are amphibious.
You can wear up to eight rings at the same time.
Your skin changes colour to match your surroundings (Stealth+).
Your rubbery body absorbs attacks. (AC +1, EV +1)
((You are camouflaged when in or above water. (Stealth+)))
You have tentacles for arms and can constrict up to eight enemies at once.


Message History

The kobold is moderately wounded.
A ball python comes into view.
Casting: Foxfire (safe; 12% risk of failure)
Confirm with . or Enter, or press ? or * to list all spells.
You conjure some foxfire!
The ball python hisses angrily.
The kobold hits you with a +0 whip.
Your foxfire dissipates!
The foxfire hits the kobold.
You kill the kobold!
A ball python is nearby!
Casting: Foxfire (safe; 12% risk of failure)
Confirm with . or Enter, or press ? or * to list all spells.
You don't have enough magic to cast this spell.
The bat hits you but does no damage. The bat hits you.
Things that are here:
a +0 whip; a kobold corpse You barely miss the ball python.
Your grab misses the ball python. The bat closely misses you.
The ball python closely misses you. The ball python misses you.
The bat barely misses you. The ball python bites you.
The ball python closely misses you.
You hit the ball python. Your grab misses the ball python.
The ball python is severely wounded.
The bat misses you. The ball python barely misses you.
The ball python misses you.
You hit the ball python.
You kill the ball python!
The bat hits you.
Found 10 gold pieces.
The bat closely misses you.
Found 6 gold pieces.
The bat closely misses you. The bat barely misses you.
You hit the bat.
You kill the bat!
You start resting.
Magic restored.
You start resting.
HP restored.
Are you sure you want to abandon this character and quit the game? (Confirm with "yes".)
Okay, then.
Are you sure you want to abandon this character and quit the game? (Confirm with "yes".)

..........#........#
##.########..#.#####
##.# #..#.# ## ...#
####..#.####...$.
#### ...............
.[####
####..#)####.#..#
.#...#
#..#†.........
##..## #.[#.#.##....
.##..# #. #.#@# .
...### # #.#........
#### ..........#
..### ###$##....#
....## #.# ....#
.....# #.# ...#
<....# ... ..#
.....# #.# #.#
....##


There were no monsters in sight!

Vanquished Creatures
  2 ball pythons (D:1)
  A bat (D:1)
  A kobold (D:1)
4 creatures vanquished.

Vanquished Creatures (others)
  5 foxfires (D:1)
5 creatures vanquished.

Grand Total: 9 creatures vanquished

Notes
Turn   | Place    | Note
-------+----------+-------------------------------------------
     0 | D:1      | Azuregosa the Octopode Wanderer began the quest for the
                  | Orb.
     0 | D:1      | Azuregosa set off with the following items: a +2 dagger, 3
                  | curare-tipped darts, a potion of curing, a scroll of fog;
                  | and the following spell memorised: Foxfire; and the
                  | following spells available to memorise: Ignite Poison.
     0 | D:1      | Reached XP level 1. HP: 13/13 MP: 2/2
   219 | D:1      | Quit the game

Illustrated notes

Levels and vault maps discovered:
D:1:      dpeg_arrival_three_same_balls, layout_basic

Action                     || total
---------------------------++-------
  Melee: Dagger            ||     5
   Cast: Foxfire           ||     4
 Armour: Skin              ||     5
  Dodge: Dodged            ||    12

Table legend: (Time is in decaauts)
 A = Elapsed time spent in this place.
 B = Non-inter-level travel time spent in this place.
 C = Inter-level travel time spent in this place.
 D = Time resting spent in this place.
 E = Time spent auto-exploring this place.
 F = Levels seen in this place.
 G = Mean time per level.
                   A        B        C        D        E       F      G
               +--------+--------+--------+--------+--------+-----+--------+
         Total |    219 |    219 |      0 |     25 |    159 |   1 |  219.0 |
       Dungeon |    219 |    219 |      0 |     25 |    159 |   1 |  219.0 |
               +--------+--------+--------+--------+--------+-----+--------+

Top non-repeatable levels by time:
     D:1: 219 daAuts
